 Dungeon Crawl Stone Soup version 0.30-a0-777-ga9a30cbeda (webtiles) character file.

Game seed: 16040662376127872147

140 Ceno the Vexing (level 5, 0/39 HPs)
             Began as a Barachi Hexslinger on Feb 15, 2023.
             Slain by Ijyb
             ... wielding a +0 dagger
              (3 damage)
             ... on level 3 of the Dungeon.
             The game lasted 00:16:09 (3570 turns).

Ceno the Vexing (Barachi Hexslinger)                Turns: 3570, Time: 00:16:09

Health: 0/39       AC:  5    Str: 12    XL:     5   Next: 23%
Magic:  5/6        EV: 12    Int: 13    God:
Gold:   119        SH:  0    Dex: 14    Spells: 5/6 levels left

rFire   . . .      SeeInvis +    a - +1 sling
rCold   . . .      Faith    .    (no shield)
rNeg    . . .      Spirit   .    o - +0 leather armour
rPois   .          Reflect  .    (no helmet)
rElec   .          Harm     .    (no cloak)
rCorr   .          Rampage  .    e - +0 pair of gloves
Will    .....                    h - +0 pair of boots
Stlth   ++                       (no amulet)
HPRegen 0.26/turn                c - ring of see invisible
MPRegen 0.10/turn                (no ring)

@: unable to hop, slow
A: amphibious, slowness 1, strong legs 1, +LOS
a: Hop


You were on level 3 of the Dungeon.
You visited 1 branch of the dungeon, and saw 3 of its levels.

You collected 119 gold pieces.

Inventory:

Hand Weapons
 a - a +1 sling (weapon)
 b - a +1 short sword of venom
Armour
 e - a +0 pair of gloves (worn)
 h - a +0 pair of boots (worn)
 o - a +0 leather armour (worn)
Jewellery
 c - a ring of see invisible (left hand)
 m - a ring of fire
Scrolls
 g - a scroll of acquirement {unknown}
 i - 2 scrolls of poison
 n - a scroll of magic mapping {unknown}
 p - a scroll of noise {unknown}
 q - a scroll of identify
Potions
 d - a potion of attraction
 f - 4 potions of berserk rage
 j - a potion of magic {unknown}
 k - a potion of heal wounds {unknown}
 l - a potion of degeneration {unknown}


   Skills:
 + Level 2.3 Fighting
 * Level 3.2 Ranged Weapons
 - Level 2.1 Dodging
 - Level 3.0 Stealth
 - Level 1.1 Spellcasting
 + Level 3.8 Hexes


You had 5 spell levels left.
You knew the following spells:

 Your Spells              Type           Power      Damage    Failure   Level
a - Slow                  Hex            40%        N/A       8%          1

Your spell library contained the following spells:

 Spells                   Type           Power      Damage    Failure   Level
 Inner Flame              Hex/Fire       5%         N/A       43%         3
 Portal Projectile        Hex/Tloc       10%        N/A       43%         3
 Blink                    Tloc           0%         N/A       47%         2
 Cause Fear               Hex            5%         N/A       58%         4
 Manifold Assault         Tloc           0%         N/A       98%         4
 Storm Form               Tmut/Air       0%         N/A       100%        7


Dungeon Overview and Level Annotations

Branches:
Dungeon (3/15)

Altars:

Shops:
D:2 (

Annotations:
D:3 Ijyb


Innate Abilities, Weirdness & Mutations

You are amphibious.
You cover ground slowly.
You can hop short distances.
You have an extended range of vision and can be seen from far away.


Message History

Aim: Ijyb, wielding a +0 dagger, wearing a +0 leather armour and carrying a wand of mindburst (5) (severely wounded, 51% to hit)
You shoot a sling bullet. The sling bullet hits Ijyb.
Ijyb is severely wounded.
Ijyb misses you. Ijyb completely misses you.
Fire: a) +1 sling
Press: ? - help, Q - select action, (/) - cycle Shift-Dir - straight line, f/p - Ijyb
Aim: Ijyb, wielding a +0 dagger, wearing a +0 leather armour and carrying a wand of mindburst (5) (severely wounded, 51% to hit)
You shoot a sling bullet. The sling bullet closely misses Ijyb.
Ijyb hits you with a +0 dagger.
Fire: a) +1 sling
Press: ? - help, Q - select action, (/) - cycle Shift-Dir - straight line, f/p - Ijyb
Aim: Ijyb, wielding a +0 dagger, wearing a +0 leather armour and carrying a wand of mindburst (5) (severely wounded, 51% to hit)
You shoot a sling bullet. The sling bullet hits Ijyb.
Ijyb is almost dead.
Ijyb zaps a wand.
Your mind is blasted!
* * * LOW HITPOINT WARNING * * *
Casting: Slow (safe; 8% risk of failure)
Confirm with . or Enter, or press ? or * to list all spells.
Aiming: Slow (safe; 8% risk of failure)
Press: ? - help, Shift-Dir - straight line, f/p - Ijyb
Aim: Ijyb, wielding a +0 dagger, wearing a +0 leather armour and carrying a wand of mindburst (4) (almost dead, chance to affect: 52%) Ijyb resists with significant effort.
Ijyb closely misses you.
Fire: a) +1 sling
Press: ? - help, Q - select action, (/) - cycle Shift-Dir - straight line, f/p - Ijyb
Aim: Ijyb, wielding a +0 dagger, wearing a +0 leather armour and carrying a wand of mindburst (4) (almost dead, 51% to hit)
You shoot a sling bullet. The sling bullet misses Ijyb.
Ijyb hits you but does no damage. x2
Fire: a) +1 sling
Press: ? - help, Q - select action, (/) - cycle Shift-Dir - straight line, f/p - Ijyb
Aim: Ijyb, wielding a +0 dagger, wearing a +0 leather armour and carrying a wand of mindburst (4) (almost dead, 51% to hit)
You shoot a sling bullet. The sling bullet closely misses Ijyb.
Ijyb zaps a wand.
You barely resist.
Fire: a) +1 sling
Press: ? - help, Q - select action, (/) - cycle Shift-Dir - straight line, f/p - Ijyb
Aim: Ijyb, wielding a +0 dagger, wearing a +0 leather armour and carrying a wand of mindburst (3) (almost dead, 51% to hit)
You shoot a sling bullet.
The sling bullet hits Ijyb but does no damage.
Ijyb is almost dead.
Ijyb hits you with a +0 dagger.
You die...

###..###...# #
#.......... .
#.###...##. (. #.#
#...# #. #.# #...#
. #. #.# #...# ...
..
#.###.###...#.....
#
#.......g.........
# #.
#####.###@####
#.#.# #.# #.#
#.... #.# #.# ##.
#.# #.# #. #.# #.#
#.##.
#.###.#######
#....
#...........#.
####.#
#####.#####....
...... #.#
####.###.####


You could see Ijyb.

Vanquished Creatures
  An iguana (D:3)
  2 adders (D:2)
  A worm (D:3)
  2 dart slugs (D:1)
  3 orcs (D:3)
  6 ball pythons
  5 bats
  5 endoplasms
  4 giant cockroaches
  9 hobgoblins
  5 jackals (D:1)
  6 kobolds
  3 quokkas
  3 frilled lizards
  6 goblins
  21 rats
82 creatures vanquished.

Notes
Turn   | Place    | Note
-------+----------+-------------------------------------------
     0 | D:1      | Ceno the Barachi Hexslinger began the quest for the Orb.
     0 | D:1      | Reached XP level 1. HP: 15/15 MP: 2/2
   142 | D:1      | Reached skill level 1 in Stealth
   376 | D:1      | Reached XP level 2. HP: 20/21 MP: 1/3
   786 | D:1      | Reached XP level 3. HP: 26/26 MP: 1/4
  1571 | D:2      | Identified the +6 spear of Celiam {drain, rN+ SInv Stlth+}
  1656 | D:2      | Found Miusoad's Weapon Shop.
  2024 | D:2      | Reached XP level 4. HP: 32/32 MP: 3/5
  2917 | D:3      | Reached XP level 5. HP: 36/38 MP: 3/6
  3363 | D:3      | Noticed an ogre
  3526 | D:3      | Noticed Ijyb
  3570 | D:3      | Slain by Ijyb

Illustrated notes

Levels and vault maps discovered:
D:1:      dpeg_arrival_brainrot, layout_loops_corners
D:2:      layout_basic, serial_shops, nicolae_shop_bloodbath_and_beyond,
          minmay_rat_hole
D:3:      layout_loops_ring, zin_academy, uniq_ijyb

Skill      XL: |  1  2  3  4 |
---------------+-------------+-----
Stealth        | 1 2 3 |  3.0
Fighting       | 2 |  2.3
Ranged Weapons | 3 |  3.2
Dodging        | |  2.1
Spellcasting   | |  1.1
Hexes          | |  3.8

Action                     |  1- 3 |  4- 6 || total
---------------------------+-------+-------++-------
  Melee: Short sword       |       |    24 ||    24
   Fire: Sling             |   132 |   131 ||   263
   Cast: Slow              |    64 |    49 ||   113
Ability: Hop               |     7 |     9 ||    16
    Use: Scroll            |       |     2 ||     2
 Armour: Robe              |    16 |    28 ||    44
         Leather armour    |       |     2 ||     2
  Dodge: Dodged            |    28 |    48 ||    76

Table legend: (Time is in decaauts)
 A = Elapsed time spent in this place.
 B = Non-inter-level travel time spent in this place.
 C = Inter-level travel time spent in this place.
 D = Time resting spent in this place.
 E = Time spent auto-exploring this place.
 F = Levels seen in this place.
 G = Mean time per level.
                   A        B        C        D        E       F      G
               +--------+--------+--------+--------+--------+-----+--------+
         Total |   4098 |   4038 |     60 |    480 |   2237 |   3 | 1366.0 |
       Dungeon |   4098 |   4038 |     60 |    480 |   2237 |   3 | 1366.0 |
               +--------+--------+--------+--------+--------+-----+--------+

Top non-repeatable levels by time:
     D:1: 1783 daAuts
     D:2: 1163 daAuts
     D:3: 1152 daAuts
